AoeStats
← glenjerman878

Arabia

509706210Analyzed
1v1 RM · 6d ago on Sep 27, 2026· 61m 38s· 2 players
Game mode
Random Map
Map size
Tiny (2 player)
Population
200
Speed
Normal
Resources
Standard
Victory
Conquest
Starting age
Dark Age
Ending age
Imperial Age
RankedLock teamsTeams togetherTeam positionsShared explorationLock speedFull tech treeHidden civsTurbo modeCheats
Victory
Defeat
🇹🇷 Japanese · Türkiye
1157
+15
🇺🇸 Lithuanians · United States
1130
-15
glenjerman878
9:17 Feudal Age
8:01 Loom
14:20 Double-Bit Axe
15:09 Horse Collar
21:17 Castle Age
19:39 Fletching
21:44 Bloodlines
22:50 Bow Saw
22:48 Scale Barding Armor
24:34 Forging
25:36 Scale Mail Armor
27:46 Sanctity
28:20 Wheelbarrow
30:28 Pikeman
32:13 Hand Cart
33:21 Redemption
33:35 Chain Mail Armor
33:33 Heavy Plow
33:26 Gold Mining
33:28 Stone Mining
34:33 Iron Casting
35:54 Chain Barding Armor
37:57 Elite Skirmisher
38:35 Bodkin Arrow
38:41 Padded Archer Armor
42:12 Imperial Age
42:53 Husbandry
43:22 Conscription
43:23 Bracer
43:38 Leather Archer Armor
43:47 Tower Shields
48:07 Chemistry
50:35 Plate Barding Armor
50:31 Ring Archer Armor
49:52 Cavalier
51:35 Ballistics
50:39 Light Cavalry
52:45 Winged Hussar
53:54 Squires
53:14 Halberdier
53:20 Halberdier
TibetUras61
7:24 Loom
9:20 Feudal Age
9:41 Man-at-Arms
14:39 Fletching
15:29 Padded Archer Armor
15:55 Double-Bit Axe
18:58 Wheelbarrow
21:32 Castle Age
19:33 Horse Collar
20:22 Bloodlines
20:54 Scale Barding Armor
20:59 Gold Mining
21:54 Forging
22:44 Bow Saw
25:27 Husbandry
26:04 Town Watch
26:32 Heavy Plow
27:17 Thumb Ring
29:40 Town Patrol
34:56 Imperial Age
33:38 Hand Cart
34:10 Gold Shaft Mining
34:09 Ballistics
34:15 Squires
33:37 Pikeman
35:06 Bodkin Arrow
35:27 Leather Archer Armor
35:54 Bracer
37:16 Two-Man Saw
37:20 Ring Archer Armor
36:52 Stone Mining
38:09 Parthian Tactics
38:22 Heavy Cavalry Archer
40:04 Bracer
42:46 Scale Mail Armor
43:48 Gambesons
45:39 Conscription
52:22 Arson
52:45 Elite Samurai
55:53 Iron Casting
55:34 Chain Mail Armor
54:41 Halberdier
56:51 Chemistry
Connection lost

Rejoining the realm…

Still unreachable

The connection could not be restored.

Session expired

The server has moved on; the page needs a fresh start.